ORI
LOUISIANA STATE UNIVERSITY TIGERS @ UNIVERSITY OF CONNETICUT HUSKIES
09/12/2047
 
TOP OF THE 1ST
Louisiana State University Tigers batting - Pitching for University of Conneticut Huskies : RHP Jose Rios
Pitching: RHP Jose Rios
Batting: LHB John Carter 0-0: Ball
1-0: Ball
2-0: Ball
3-0: Called Strike
3-1: Ground out 5-3 (Groundball, 56, EV 104.4 MPH)
Batting: LHB Elijah Mallandain 0-0: Called Strike
0-1: Foul Ball, location: 2F
0-2: Ground out U3 (Groundball, 34S, EV 85.6 MPH)
Batting: RHB Pete Roberts 0-0: Called Strike
0-1: Called Strike
0-2: Strikes out swinging
Top of the 1st over - 0 runs, 0 hits, 0 errors, 0 left on base; Louisiana State University 0 - University of Conneticut 0
BOTTOM OF THE 1ST
University of Conneticut Huskies batting - Pitching for Louisiana State University Tigers : LHP Juan Barrios
Pitching: LHP Juan Barrios
Batting: RHB Jordan Nicholas 0-0: Called Strike
0-1: Ball
1-1: Ball
2-1: DOUBLE (Line Drive, 89M, EV 104.4 MPH)
Batting: LHB Andrew Barzee 0-0: Ball
Jordan Nicholas is caught stealing 3rd base 2-5
1-0: Ground out U3 (Groundball, 3, EV 78.8 MPH)
Batting: RHB Roku Kawano 0-0: Fly out, F9 (Flyball, 9, EV 93.8 MPH)
Bottom of the 1st over - 0 runs, 1 hit, 0 errors, 0 left on base; Louisiana State University 0 - University of Conneticut 0
TOP OF THE 2ND
Louisiana State University Tigers batting - Pitching for University of Conneticut Huskies : RHP Jose Rios
Batting: SHB Brian Caruso 0-0: Ball
1-0: Ball
2-0: Called Strike
2-1: Foul Ball, location: 2F
2-2: Foul Ball, location: 2F
2-2: Ball
3-2: Base on Balls
Batting: LHB Matt Ellington 0-0: Called Strike
0-1: Foul Ball, location: 2F
0-2: Ball
1-2: Ball
2-2: Strikes out looking
Batting: RHB D.J. Ganz 0-0: Ball
1-0: Called Strike
1-1: SINGLE (Line Drive, 8RS, EV 100.0 MPH)
Brian Caruso to second
Brian Caruso to third
Batting: RHB Byung-hee Jee 0-0: Ball
1-0: Ball
2-0: Called Strike
2-1: SINGLE (Groundball, 56D, EV 104.4 MPH)
Brian Caruso scores
D.J. Ganz to second
Batting: RHB Stewart Walker 0-0: Foul Ball, location: 2F
0-1: Foul Ball, location: 2F
0-2: TRIPLE (Flyball, 89XD, EV 99.4 MPH)
D.J. Ganz scores
Byung-hee Jee scores
Batting: RHB Winston Vasquez 0-0: Ball
1-0: Ball
2-0: Foul Ball, location: 2F
2-1: Foul Ball, location: 2F
2-2: Strikes out swinging
Batting: LHB John Carter 0-0: Ball
1-0: Ground out 6-3 (Groundball, 56, EV 81.9 MPH)
Top of the 2nd over - 3 runs, 3 hits, 0 errors, 1 left on base; Louisiana State University 3 - University of Conneticut 0
BOTTOM OF THE 2ND
University of Conneticut Huskies batting - Pitching for Louisiana State University Tigers : LHP Juan Barrios
Batting: RHB Cullen Elliott 0-0: Ball
1-0: Called Strike
1-1: Swinging Strike
1-2: Strikes out looking
Batting: RHB Victor Ramos 0-0: Ball
1-0: Ball
2-0: Ball
3-0: Called Strike
3-1: Fly out, F8 (Flyball, 8RS, EV 89.4 MPH)
Batting: LHB Hector Acosta 0-0: Called Strike
0-1: Ball
1-1: Fly out, F8 (Flyball, 89M, EV 80.6 MPH)
Bottom of the 2nd over - 0 runs, 0 hits, 0 errors, 0 left on base; Louisiana State University 3 - University of Conneticut 0
TOP OF THE 3RD
Louisiana State University Tigers batting - Pitching for University of Conneticut Huskies : RHP Jose Rios
Batting: LHB Elijah Mallandain 0-0: Swinging Strike
0-1: Ground out 4-3 (Groundball, 4, EV 100.6 MPH)
Batting: RHB Pete Roberts 0-0: Foul Ball, location: 2F
0-1: Ball
1-1: Ball
2-1: Ball
3-1: Base on Balls
Batting: SHB Brian Caruso 0-0: Called Strike
0-1: Fielders Choice at 2nd, 4-6 (Groundball, 4, EV 108.1 MPH)
Batting: LHB Matt Ellington 0-0: Called Strike
0-1: Ball
1-1: Foul Ball, location: 2F
1-2: SINGLE (Groundball, 4MD, EV 95.0 MPH)
Brian Caruso to second
Batting: RHB D.J. Ganz 0-0: Ball
1-0: Foul Ball, location: 2F
1-1: SINGLE (Groundball, 34D, EV 95.6 MPH)
Brian Caruso to third
Matt Ellington to second
Runner from 3rd tries for Home, SAFE, throw by RF to home
Batting: RHB Byung-hee Jee 0-0: Ball
1-0: Called Strike
1-1: Ball
2-1: SINGLE (Line Drive, 9S, EV 99.4 MPH)
Matt Ellington to third
D.J. Ganz to second
Runner from 3rd tries for Home, throw by RF and OUT! 9-2
Top of the 3rd over - 1 run, 3 hits, 0 errors, 2 left on base; Louisiana State University 4 - University of Conneticut 0
BOTTOM OF THE 3RD
University of Conneticut Huskies batting - Pitching for Louisiana State University Tigers : LHP Juan Barrios
Batting: LHB Greg James 0-0: Ball
1-0: Ball
2-0: Ball
3-0: Foul Ball, location: 2F
3-1: Foul Ball, location: 2F
3-2: Strikes out swinging
Batting: RHB Victor Nava 0-0: DOUBLE (Flyball, 8LXD, EV 103.8 MPH)
Batting: RHB Jack Vokey 0-0: Called Strike
0-1: Ball
1-1: Called Strike
1-2: Strikes out swinging
Batting: RHB Jordan Nicholas 0-0: Ball
1-0: Called Strike
1-1: Ball
2-1: Fly out, F4 (Popup, 3S, EV 80.0 MPH)
Bottom of the 3rd over - 0 runs, 1 hit, 0 errors, 1 left on base; Louisiana State University 4 - University of Conneticut 0
TOP OF THE 4TH
Louisiana State University Tigers batting - Pitching for University of Conneticut Huskies : RHP Jose Rios
Batting: RHB Stewart Walker 0-0: Called Strike
0-1: Ball
1-1: Foul Ball, location: 2F
1-2: Foul Ball, location: 2F
1-2: Ball
2-2: Fly out, F8 (Flyball, 89M, EV 86.9 MPH)
Batting: RHB Winston Vasquez 0-0: Fly out, F8 (Flyball, 8LM, EV 90.6 MPH)
Batting: LHB John Carter 0-0: Fly out, F8 (Flyball, 8LM, EV 85.0 MPH)
Top of the 4th over - 0 runs, 0 hits, 0 errors, 0 left on base; Louisiana State University 4 - University of Conneticut 0
BOTTOM OF THE 4TH
University of Conneticut Huskies batting - Pitching for Louisiana State University Tigers : LHP Juan Barrios
Batting: LHB Andrew Barzee 0-0: Ball
1-0: Ground out 4-3 (Groundball, 4, EV 81.2 MPH)
Batting: RHB Roku Kawano 0-0: Ball
1-0: Foul Ball, location: 2F
1-1: SINGLE (Groundball, 6, EV 105.0 MPH)
Batting: RHB Cullen Elliott 0-0: Foul Ball, location: 2F
0-1: Ball
1-1: Fly out, F8 (Flyball, 8LD, EV 93.1 MPH)
Batting: RHB Victor Ramos 0-0: Ball
1-0: Called Strike
1-1: Called Strike
1-2: Ball
2-2: Strikes out swinging
Bottom of the 4th over - 0 runs, 1 hit, 0 errors, 1 left on base; Louisiana State University 4 - University of Conneticut 0
TOP OF THE 5TH
Louisiana State University Tigers batting - Pitching for University of Conneticut Huskies : RHP Jose Rios
Batting: LHB Elijah Mallandain 0-0: Ball
1-0: Called Strike
1-1: Ball
2-1: Foul Ball, location: 2F
2-2: Foul Ball, location: 2F
2-2: Ball
3-2: Foul Ball, location: 2F
3-2: Base on Balls
Pitching: RHP Hector Guerra
Batting: RHB Pete Roberts 0-0: Foul Ball, location: 2F
0-1: Ball
1-1: Foul Ball, location: 2F
1-2: Fly out, F8 (Line Drive, 8LD, EV 87.5 MPH)
Batting: SHB Brian Caruso 0-0: SINGLE (Groundball, 4D, EV 102.5 MPH)
Elijah Mallandain to second
Runner from 2nd tries for 3rd, OUT! 9-5
Brian Caruso to second
Batting: LHB Matt Ellington 0-0: Ball
1-0: Foul Ball, location: 2F
1-1: Ball
2-1: Fly out, F7 (Line Drive, 7, EV 93.1 MPH)
Top of the 5th over - 0 runs, 1 hit, 0 errors, 1 left on base; Louisiana State University 4 - University of Conneticut 0
BOTTOM OF THE 5TH
University of Conneticut Huskies batting - Pitching for Louisiana State University Tigers : LHP Juan Barrios
Batting: LHB Hector Acosta 0-0: Swinging Strike
0-1: Foul Ball, location: 2F
0-2: Ball
1-2: Foul Ball, location: 2F
1-2: Strikes out swinging
Batting: LHB Greg James 0-0: SINGLE (Groundball, 4M, EV 97.5 MPH)
Batting: RHB Victor Nava 0-0: Called Strike
0-1: DOUBLE (Line Drive, 9LM, EV 106.9 MPH)
Greg James to third
Batting: RHB Jack Vokey 0-0: Ball
1-0: Fly out, F8 (Flyball, 8LM, EV 84.4 MPH)
Runner from 3rd tags up, SCORES, throw by CF
Batting: RHB Jordan Nicholas 0-0: Ball
1-0: SINGLE (Groundball, 4, EV 98.1 MPH)
Victor Nava to third
Runner from 3rd tries for Home, throw by CF and OUT! 8-2
Bottom of the 5th over - 1 run, 3 hits, 0 errors, 1 left on base; Louisiana State University 4 - University of Conneticut 1
TOP OF THE 6TH
Louisiana State University Tigers batting - Pitching for University of Conneticut Huskies : RHP Hector Guerra
Batting: RHB D.J. Ganz 0-0: SINGLE (Flyball, 8RS, EV 86.9 MPH)
Batting: RHB Byung-hee Jee 0-0: Called Strike
0-1: Ball
1-1: Swinging Strike
1-2: Ball
2-2: Strikes out swinging
Batting: RHB Stewart Walker 0-0: Foul Ball, location: 2F
0-1: Foul Ball, location: 2F
0-2: Ball
1-2: Ball
2-2: SINGLE (Groundball, 34D, EV 105.6 MPH)
D.J. Ganz to second
Throwing error, E9
D.J. Ganz scores
Stewart Walker to second
Batting: RHB Winston Vasquez 0-0: Ball
1-0: Foul Ball, location: 2F
1-1: Foul Ball, location: 2F
1-2: Ground out 1-3 (Groundball, P, EV 67.5 MPH)
Stewart Walker to third
Batting: LHB John Carter 0-0: Called Strike
0-1: Called Strike
0-2: Ball
1-2: Strikes out swinging
Top of the 6th over - 1 run, 2 hits, 1 error, 1 left on base; Louisiana State University 5 - University of Conneticut 1
BOTTOM OF THE 6TH
University of Conneticut Huskies batting - Pitching for Louisiana State University Tigers : LHP Juan Barrios
Batting: LHB Andrew Barzee 0-0: Ball
1-0: Ball
2-0: Ball
3-0: Base on Balls
Batting: RHB Roku Kawano 0-0: Ball
1-0: Foul Ball, location: 2F
1-1: Foul Ball, location: 2F
1-2: Foul Ball, location: 2F
1-2: Fly out, F8 (Flyball, 8RD, EV 85.0 MPH)
Batting: RHB Cullen Elliott 0-0: Ball
1-0: Called Strike
1-1: Foul Ball, location: 2F
1-2: Grounds into double play, 6-4-3 (Groundball, 56, EV 105.6 MPH)
Bottom of the 6th over - 0 runs, 0 hits, 0 errors, 0 left on base; Louisiana State University 5 - University of Conneticut 1
TOP OF THE 7TH
Louisiana State University Tigers batting - Pitching for University of Conneticut Huskies : RHP Hector Guerra
Pitching: LHP Alex Membreno
Batting: LHB Elijah Mallandain 0-0: Ball
1-0: Called Strike
1-1: Ball
2-1: Ball
3-1: Base on Balls
Batting: RHB Pete Roberts 0-0: Ball
1-0: Ball
2-0: Foul Ball, location: 2F
2-1: Swinging Strike
2-2: Strikes out swinging
Batting: SHB Brian Caruso 0-0: Called Strike
0-1: Foul Ball, location: 2F
0-2: Strikes out swinging
Batting: LHB Matt Ellington 0-0: Ball
Elijah Mallandain is caught stealing 2nd base 2-6
Top of the 7th over - 0 runs, 0 hits, 0 errors, 0 left on base; Louisiana State University 5 - University of Conneticut 1
BOTTOM OF THE 7TH
University of Conneticut Huskies batting - Pitching for Louisiana State University Tigers : LHP Juan Barrios
Batting: RHB Victor Ramos 0-0: Ball
1-0: Foul Ball, location: 2F
1-1: Ball
2-1: Ball
3-1: Base on Balls
Pitching: RHP Jeremy Kolb
Batting: LHB Hector Acosta 0-0: Sac Bunt to 15 - play at first, batter OUT! 1-3
Victor Ramos to second
Batting: LHB Greg James 0-0: Foul Ball, location: 2F
0-1: Ball
1-1: Ball
2-1: Ball
3-1: Foul Ball, location: 2F
3-2: Base on Balls
Batting: RHB Victor Nava 0-0: Fielders Choice at 2nd, 5-4 (Groundball, 56, EV 100.0 MPH)
Victor Ramos to third
Batting: RHB Jack Vokey 0-0: Called Strike
0-1: Fielders Choice at 2nd, 6-4 (Groundball, 6, EV 107.5 MPH)
Bottom of the 7th over - 0 runs, 0 hits, 0 errors, 2 left on base; Louisiana State University 5 - University of Conneticut 1
TOP OF THE 8TH
Louisiana State University Tigers batting - Pitching for University of Conneticut Huskies : LHP Alex Membreno
Batting: LHB Matt Ellington 0-0: Called Strike
0-1: Ball
1-1: Fly out, F7 (Flyball, 78D, EV 101.2 MPH)
Batting: RHB D.J. Ganz 0-0: Foul Ball, location: 2F
0-1: Ball
1-1: Fly out, F9 (Flyball, 9D, EV 85.0 MPH)
Batting: RHB Byung-hee Jee 0-0: Called Strike
0-1: Ball
1-1: Ball
2-1: Swinging Strike
2-2: Foul Ball, location: 2F
2-2: Ball
3-2: Foul Ball, location: 2F
3-2: SINGLE (Groundball, 56D, EV 95.6 MPH)
Batting: RHB Stewart Walker 0-0: Ball
1-0: Fielders Choice at 2nd, U4 (Groundball, 4M, EV 81.2 MPH)
Top of the 8th over - 0 runs, 1 hit, 0 errors, 1 left on base; Louisiana State University 5 - University of Conneticut 1
BOTTOM OF THE 8TH
University of Conneticut Huskies batting - Pitching for Louisiana State University Tigers : RHP Jeremy Kolb
Pitching: RHP Brian Hilbert
Batting: RHB Jordan Nicholas 0-0: SINGLE (Line Drive, 34D, EV 108.8 MPH)
Batting: LHB Andrew Barzee 0-0: Ball
1-0: Ball
2-0: SINGLE (Groundball, 6S, EV 72.5 MPH) (infield hit)
Jordan Nicholas to second
Batting: RHB Roku Kawano 0-0: Called Strike
0-1: Fly out, F7 (Flyball, 78M, EV 85.0 MPH)
Batting: RHB Cullen Elliott 0-0: Called Strike
0-1: Grounds into double play, 3-6-1 (Groundball, 3S, EV 80.0 MPH)
Bottom of the 8th over - 0 runs, 2 hits, 0 errors, 1 left on base; Louisiana State University 5 - University of Conneticut 1
TOP OF THE 9TH
Louisiana State University Tigers batting - Pitching for University of Conneticut Huskies : LHP Alex Membreno
Pitching: LHP Jesus Cordero
Batting: RHB Winston Vasquez 0-0: Swinging Strike
0-1: Ball
1-1: Ball
2-1: Called Strike
2-2: Foul Ball, location: 2F
2-2: Ball
3-2: Strikes out swinging
Batting: LHB John Carter 0-0: Ball
1-0: Foul Ball, location: 2F
1-1: Foul Ball, location: 2F
1-2: Ball
2-2: Ball
3-2: Fly out, F7 (Flyball, 7D, EV 94.4 MPH)
Batting: LHB Elijah Mallandain 0-0: Ball
1-0: Fly out, F8 (Flyball, 89D, EV 97.5 MPH)
Top of the 9th over - 0 runs, 0 hits, 0 errors, 0 left on base; Louisiana State University 5 - University of Conneticut 1
BOTTOM OF THE 9TH
University of Conneticut Huskies batting - Pitching for Louisiana State University Tigers : RHP Brian Hilbert
Pitching: RHP Isaiah Keys
Pinch Hitting: RHB Matthew Lanford 0-0: Ball
1-0: Ball
2-0: Foul Ball, location: 2F
2-1: Foul Ball, location: 2F
2-2: Strikes out swinging
Batting: LHB Hector Acosta 0-0: Ground out 3-1 (Groundball, 34, EV 107.5 MPH)
Batting: LHB Greg James 0-0: Fly out, F8 (Flyball, 8LM, EV 90.6 MPH)
Bottom of the 9th over - 0 runs, 0 hits, 0 errors, 0 left on base; Louisiana State University 5 - University of Conneticut 1
Thursday, December 15th , 2022 - OOTP Baseball 23.9 Build 102